 Dungeon Crawl Stone Soup version 0.02-100-gc9e1e00884 (webtiles) character file.

Game seed: 5932576842887753940, levelgen mode: deterministic

1428 Borgoz the Cruncher (level 8, -1/51 HPs) Gargoyle Gladiator. Began on Sept 16, 2020. Was an Initiate of Ashenzari. Slain by a freezing wraith (12 damage) ... on level 3 of the Dungeon. The game lasted 00:07:34 (3178 turns).

Borgoz the Cruncher (Gargoyle Gladiator)            Turns: 3178, Time: 00:07:35

Health: -1/51      AC: 19    Str: 20    XL:     8 ^: 313
Magic:  9/9        EV: 11    Int:  8    God:    Ashenzari [0* [17]]
Gold:   102        SH:  0    Dex: 12    Spells: 7/7 levels left

rFire    . . .     Vision   .   a - +0 quarterstaff
rCold    . . .     Gourm    .   (also wielding the above weapon)
rNeg     + . .     Faith    .   j - +0 scale mail
rPois    ∞         Spirit   .   c - +0 helmet
rElec    +         Reflect  .   (no cloak)
rCorr    .         Harm     .   (no gloves)
MR       .....                  (no boots)
Stlth    ..........             (no amulet)
HPRegen  0.27/turn              m - ring of protection
MPRegen  0.19/turn              (no ring)

@: slowed, very slow
A: negative energy resistance 1, electricity resistance, unbreathing,
petrification resistance, rot immunity, AC +5
a: Curse Item, Renounce Religion


You were on level 3 of the Dungeon.
You worshipped Ashenzari.
Ashenzari was noncommittal.
You were not hungry.

You visited 1 branch of the dungeon, and saw 3 of its levels.

You collected 102 gold pieces.

Inventory:

Weapons
 a - a +0 quarterstaff (weapon)
 b - a +0 flail of holy wrath Shields
 q - a +0 buckler of positive energy
Armour
 c - a +0 helmet (worn)
 j - a +0 scale mail (worn)
Jewellery
 m - a ring of protection (left hand)
Wands
 d - a wand of ensnaring (11)
 o - a wand of scattershot (4)
Scrolls
 h - 4 scrolls of amnesia
 l - a scroll of fog
 n - a scroll of teleportation
Potions
 e - 2 potions of resistance
 g - a potion of curing
 i - 2 potions of mutation
 p - 2 potions of berserk rage
Comestibles
 f - 8 rations
 k - 2 chunks of flesh


   Skills:
 + Level 6.0 Fighting
 * Level 8.0 Maces & Staves
 + Level 5.5 Armour
 - Level 2.4 Dodging
 - Level 1.7 Evocations


You had 7 spell levels left.
You didn't know any spells.
Your spell library was empty.

Dungeon Overview and Level Annotations

Branches:
Dungeon (3/8)

Altars:
Ashenzari
Gozag Ym Sagoz

Annotations:
D:3 3 runed translucent doors


Innate Abilities, Weirdness & Mutations

You are resistant to torment.
Your stone body is resilient. (AC +5)
You are immune to poison.
You resist negative energy. (rN+)
You are resistant to electric shocks. (rElec)
You can survive without breathing.
You are immune to petrification.
You are immune to rotting.


Message History

You are too injured to fight recklessly!
You are too injured to fight recklessly!
You are too injured to fight recklessly!
You are too injured to fight recklessly!
You are too injured to fight recklessly!
You are too injured to fight recklessly!
You are too injured to fight recklessly!
You are too injured to fight recklessly!
You are too injured to fight recklessly!
You are too injured to fight recklessly!
You are too injured to fight recklessly!
You are too injured to fight recklessly!
You are too injured to fight recklessly!
You are too injured to fight recklessly!
You hit the freezing wraith but do no damage.
The freezing wraith is severely damaged. (15/41) HP The freezing wraith hits you (6).
* * * LOW HITPOINT WARNING * * *
The freezing wraith freezes you (12)!
You die...

..#...### ..#....##
### # ..##....## ##.##
# .).##....## ##.%.##
### ....#.....#
##.%%%.## #..
#...###.<.###.%%Z%%.##
###..
#.....#...##.%%5ls%%.#
#...? ##....##.#####
#W# ##....
.#.....##....###@#
##.....
.###....##....##.#
##....##
..##.....#.......#
##....##
..####...###....###
##....## ####.....#
##....[# ##.....#
÷.##÷...## ##....##
##....### ..#....##
#.....###....###
......##
###....#.......#
.....##
#........###)##


You could see a freezing wraith, a white imp, a leopard gecko, a giant cockroach
and a bullfrog skeleton.

Vanquished Creatures
  Sigmund (D:2)
  Edmund (D:2)
  A porcupine (D:3)
  Ijyb (D:2)
  3 big kobolds (D:2)
  A bullfrog (D:2)
  A crimson imp (D:3)
  2 orc priests (D:3)
  3 hounds (D:3)
  A jelly (D:2)
  2 orc wizards (D:3)
  Terence (D:2)
  2 iguanas (D:3)
  2 worker ants (D:3)
  4 adders
  17 sewer rats (D:2)
  4 cinder newts
  3 worms (D:2)
  A howler monkey skeleton (D:3)
  A dart slug (D:1)
  4 leopard geckos
  9 orcs (D:3)
  An adder skeleton (D:2)
  4 ball pythons (D:2)
  2 cinder newt skeletons (D:2)
  9 giant cockroaches
  4 hobgoblins (D:1)
  16 kobolds
  2 quokkas (D:3)
  3 bats
  2 bat skeletons (D:2)
  A goblin skeleton (D:2)
  A jackal skeleton (D:2)
  A leopard gecko skeleton (D:2)
  2 quokka skeletons (D:3)
  A rat (D:1)
  4 withered plants (D:2)
118 creatures vanquished.

Vanquished Creatures (others)
  115 withered plants (D:2)
115 creatures vanquished.

Grand Total: 233 creatures vanquished

Notes
Turn   | Place    | Note
-------+----------+-------------------------------------------
     0 | D:1      | Borgoz the Gargoyle Gladiator began the quest for the Orb.
     0 | D:1      | Reached XP level 1. HP: 12/12 MP: 2/2
    14 | D:1      | Reached XP level 2. HP: 18/18 MP: 3/3
   219 | D:1      | Reached skill level 1 in Armour
   361 | D:1      | Reached XP level 3. HP: 22/22 MP: 4/4
   761 | D:2      | Noticed Edmund
   785 | D:2      | Killed Edmund
   785 | D:2      | Reached skill level 4 in Maces & Staves
   785 | D:2      | Reached XP level 4. HP: 17/28 MP: 5/5
   785 | D:2      | Reached XP level 5. HP: 20/32 MP: 6/6
   926 | D:2      | Reached skill level 5 in Maces & Staves
   930 | D:2      | Reached XP level 6. HP: 25/38 MP: 7/7
  1150 | D:2      | Noticed Terence
  1163 | D:2      | Killed Terence
  1179 | D:2      | Reached XP level 7. HP: 27/44 MP: 8/8
  1280 | D:2      | Reached skill level 6 in Maces & Staves
  1576 | D:2      | Noticed Ijyb
  1587 | D:2      | Killed Ijyb
  1900 | D:2      | Reached skill level 5 in Fighting
  1944 | D:2      | Noticed Sigmund
  1951 | D:2      | Killed Sigmund
  1951 | D:2      | Reached skill level 7 in Maces & Staves
  1951 | D:2      | Reached XP level 8. HP: 42/49 MP: 9/9
  2398 | D:3      | Found an opulent altar of Gozag.
  2558 | D:3      | Found a shattered altar of Ashenzari.
  2596 | D:3      | Reached skill level 5 in Armour
  2623 | D:3      | Became a worshipper of Ashenzari the Ephemeral
  2988 | D:3      | Reached skill level 8 in Maces & Staves
  3020 | D:3      | Found a runed translucent gate.
  3020 | D:3      | Found a runed translucent gate.
  3022 | D:3      | Noticed a wraith
  3024 | D:3      | Found a runed translucent gate.
  3024 | D:3      | Noticed a wraith
  3168 | D:3      | Noticed a freezing wraith
  3178 | D:3      | Slain by a freezing wraith

Levels and vault maps discovered:
D:1:      scummos_arrival_star, layout_basic
D:2:      layout_sewer, first_ration, uniq_edmund, uniq_ijyb, uniq_sigmund,
          uniq_terence
D:3:      miniossuary_kennysheep_ghosthouse, layout_twisted_cavern,
          nicolae_ashenzari_panopticon, bcadren_lemuel_inverted_doored_altar,
          bcadren_nooodl_food_pyramid

Skill      XL: |  1  2  3  4  5  6  7  8 |
---------------+-------------------------+-----
Armour         | 1 2 3 4 5 |  5.5
Fighting       | 3 4 5 6 |  6.0
Maces & Staves | 4 5 7 8 |  8.0
Dodging        | |  2.4
Evocations     | |  1.7

Action                   |  1- 3 |  4- 6 |  7- 9 || total
-------------------------+-------+-------+-------++-------
Melee: Quarterstaff      |    53 |    84 |   207 ||   344
  Use: Potion            |     1 |       |       ||     1
  Eat: Chunk             |       |     1 |     7 ||     8
Armor: Scale mail        |    18 |    59 |    91 ||   168
Dodge: Dodged            |    35 |    89 |   131 ||   255
